 Dungeon Crawl Stone Soup version 0.25.1-2-g60ff931df9 (webtiles) character file.

Game seed: 6851004454990559137

3755 Acheron the Poker (level 10, -2/74 HPs)
             Began as a Merfolk Wanderer on Aug 25, 2020.
             Was an Elder of Okawaru.
             Slain by a seven-headed hydra (9 damage)
             ... on level 1 of the Lair of Beasts.
             The game lasted 01:02:15 (6939 turns).

Acheron the Poker (Merfolk Wanderer)                Turns: 6939, Time: 01:02:16

Health: -2/74      AC:  8    Str: 18    XL:     10   Next: 15%
Magic:  23/23      EV: 19    Int: 17    God:    Okawaru [****..]
Gold:   724        SH:  0    Dex: 20    Spells: 15/15 levels left

rFire    + . .     SeeInvis .   H - +3 glaive
rCold    . . .     Gourm    .   (shield currently unavailable)
rNeg     . . .     Faith    .   p - +1 ring mail
rPois    .         Spirit   .   (no helmet)
rElec    .         Reflect  .   (no cloak)
rCorr    .         Harm     .   (no gloves)
MR       .....                  (no boots)
Stlth    ++++......             u - amulet of regeneration
HPRegen  0.62/turn              A - +6 ring of intelligence
MPRegen  0.18/turn              E - ring of Luciz {rF+ MP+9 Str+6 Int+2}

@: heroism, very slightly contaminated
A: change form in water, swift swim, stealthy swim
a: Heroism, Renounce Religion


You were on level 1 of the Lair of Beasts.
You worshipped Okawaru.
Okawaru was greatly pleased with you.
You were very hungry.

You visited 3 branches of the dungeon, and saw 13 of its levels.
You also visited: Bailey.

You collected 724 gold pieces.

Inventory:

Hand Weapons
 c - a +2 hand crossbow
 d - a +0 rapier of freezing
 e - a +0 flail of protection
 q - a +2 vorpal spear
 y - a +1 scimitar of draining
 B - a +3 halberd
 C - a +0 war axe
 G - a +1 triple sword of protection
 H - a +3 glaive (weapon)
Missiles
 b - 35 bolts
 i - 142 stones (quivered)
 j - 4 throwing nets
 k - 8 datura-tipped darts
 n - 21 sling bullets
 D - 2 boomerangs of dispersal
 K - 16 poisoned darts
Armour
 p - a +1 ring mail (worn)
 x - a +0 crystal plate armour
 z - a +0 tower shield
Jewellery
 u - an amulet of regeneration (around neck)
 A - a +6 ring of intelligence (left hand)
 E - the ring of Luciz (right hand) {rF+ MP+9 Str+6 Int+2}
   (You found it on level 8 of the Dungeon)

   [ring of magical power]

   It affects your strength (+6).
   It affects your intelligence (+2).
   It protects you from fire.
   It affects your magic capacity (+9).
 M - an uncursed amulet of reflection
Wands
 w - a wand of random effects (5)
Scrolls
 m - a scroll of fear
 s - 5 scrolls of remove curse
Potions
 a - 2 potions of lignification
 h - 4 potions of curing
 l - a potion of haste {unknown}
 o - a potion of heal wounds {unknown}
 r - 2 potions of mutation {unknown}
 t - a potion of flight {unknown}
 v - a potion of invisibility {unknown}
 F - a potion of stabbing {unknown}
Miscellaneous
 J - a phial of floods
Comestibles
 g - 5 rations


   Skills:
 * Level 5.3(10.3) Fighting
 + Level 3.2(8.2) Short Blades
 - Level 3.0(8.0) Maces & Flails
 * Level 7.6(12.6) Polearms
 + Level 3.5(8.5) Crossbows
 + Level 1.1(6.1) Throwing
 * Level 3.9(8.9) Armour
 * Level 5.0(10.0) Dodging
 * Level 5.4(10.4) Stealth
 + Level 3.0(8.0) Shields
 + Level 2.3(7.3) Unarmed Combat
 * Level 3.0 Spellcasting
 * Level 3.3 Invocations
 * Level 4.1 Evocations


You had 15 spell levels left.
You didn't know any spells.
Your spell library was empty.

Dungeon Overview and Level Annotations

Branches:
Dungeon (10/15)            Temple (1/1) D:5            Lair (2/6) D:9
 Bailey (visited)
  Swamp: Lair:2-4    Shoals: Lair:2-4     Snake: Lair:2-4    Spider: Lair:2-4
    Orc: D:9-12

Altars:
Ashenzari
Cheibriados
Dithmenos
Elyvilon
Fedhas
Gozag
Hepliaklqana
Kikubaaqudgha
Makhleb
Okawaru
Qazlal
Ru
Sif Muna
Trog
Vehumet
Wu Jian
Xom
Yredelemnul
Zin
The Shining One

Shops:
D:8 %

Annotations:
D:3 1 runed translucent door, Crazy Yiuf
D:4 2 transporters, Menkaure


Message History

You feel better. The yak gores you.
* * * LOW HITPOINT WARNING * * *
The yak completely misses you.
Okay, then.
Blink to where?
Press: ? - help, Dir - move target cursor You are very lightly contaminated with residual magic.
As you read the scroll of blinking, it crumbles to dust.
You are feeling very hungry.
There is a stone staircase leading up here.
You climb upwards.
The seven-headed hydra barely misses you. x2
The seven-headed hydra bites you but does no damage.
The seven-headed hydra completely misses you.
The seven-headed hydra closely misses you.
The seven-headed hydra bites you but does no damage.
The seven-headed hydra misses you. The seven-headed hydra bites you.
* * * LOW HITPOINT WARNING * * *
The seven-headed hydra misses you. The seven-headed hydra bites you!
You die...

#D###.......#.##.##
#.....##.P###.##.##
#.###D##.## #.##..#
#.##..##.# #.##.##
#.##..#..## #.##.#
..###.##..###.#..#
#.###..#.........##
..##.............P#
..#....D@.....##.##
# #.#.####.#####.##
#.#.#.## ### #..#
#.#.#..# #.##
#...#.## #.#
#.P.#.## #.#
#.#....#########.#
...#..............#
#..##....########.##


You could see a seven-headed hydra.

Vanquished Creatures
  Prince Ribbit (D:8)
  2 wyverns (D:8)
  2 yaks (Lair:2)
  5 centaurs
  An ogre (D:4)
  A wolf (D:9)
  A crocodile (Lair:1)
  A big kobold (D:8)
  2 bullfrogs
  7 gnoll sergeants (Bailey)
  A wyvern skeleton (D:8)
  4 scorpions
  An electric eel (D:9)
  3 howler monkeys (D:7)
  4 crimson imps
  3 hounds
  6 gnoll shamans (Bailey)
  3 orc priests
  2 orc wizards
  A bullfrog skeleton (D:4)
  4 iguanas
  4 worker ants
  2 hound zombies (D:6)
  A hound skeleton (D:4)
  A howler monkey skeleton (D:8)
  23 gnolls
  6 adders
  A shadow imp (D:9)
  3 worms
  3 leopard geckos
  7 orcs
  5 giant cockroaches
  4 goblins
  9 hobgoblins
  3 jackals (D:2)
  7 kobolds
  2 quokkas
  A ball python (D:3)
  7 bats
  7 frilled lizards
  3 rats
154 creatures vanquished.

Vanquished Creatures (collateral kills)
  A big kobold (D:9)
  An electric eel (D:9)
  5 hounds (D:9)
  6 kobolds (D:9)
13 creatures vanquished.

Vanquished Creatures (others)
  A plant (Lair:2)
1 creature vanquished.

Grand Total: 168 creatures vanquished

Notes
Turn   | Place    | Note
-------+----------+-------------------------------------------
     0 | D:1      | Acheron the Merfolk Wanderer began the quest for the Orb.
     0 | D:1      | Acheron set off with the following items: a +2 hand
                  | crossbow, 30 bolts, a potion of lignification, a wand of
                  | random effects (15), a +0 robe, a +0 dagger, a ration
     0 | D:1      | Reached XP level 1. HP: 16/16 MP: 1/1
   151 | D:1      | Reached XP level 2. HP: 23/23 MP: 2/2
   376 | D:1      | Reached skill level 1 in Dodging
   381 | D:1      | Reached XP level 3. HP: 28/28 MP: 3/3
   983 | D:2      | Found an opulent altar of Gozag.
  1001 | D:3      | Reached XP level 4. HP: 34/34 MP: 5/5
  1077 | D:3      | Found a sacrificial altar of Ru.
  1226 | D:3      | Reached skill level 1 in Maces & Flails
  1602 | D:3      | Found a runed translucent door.
  1603 | D:3      | Noticed Crazy Yiuf
  1701 | D:4      | Reached XP level 5. HP: 37/41 MP: 6/6
  1887 | D:4      | Found a transporter.
  1889 | D:4      | Found a transporter.
  1902 | D:4      | Found a basalt altar of Yredelemnul.
  1906 | D:4      | Noticed Menkaure
  1912 | D:4      | Found an ancient bone altar of Kikubaaqudgha.
  1934 | D:4      | Found a hazy altar of Hepliaklqana.
  1961 | D:4      | Reached XP level 6. HP: 22/47 MP: 7/7
  2320 | D:5      | Entered Level 5 of the Dungeon
  2327 | D:5      | Found a staircase to the Ecumenical Temple.
  2349 | Temple   | Entered the Ecumenical Temple
  2384 | Temple   | Became a worshipper of Warmaster Okawaru
  2552 | D:4      | Reached XP level 7. HP: 52/52 MP: 8/8
  2677 | D:5      | Reached skill level 1 in Armour
  2677 | D:5      | Reached skill level 1 in Spellcasting
  2758 | D:5      | Reached * piety under Okawaru
  2935 | D:5      | Reached skill level 1 in Short Blades
  2947 | D:5      | Reached skill level 1 in Polearms
  3167 | D:6      | Reached skill level 1 in Invocations
  3175 | D:6      | Reached XP level 8. HP: 24/60 MP: 8/10
  3475 | D:6      | Found a blossoming altar of Fedhas.
  3631 | D:8      | Reached skill level 2 in Polearms
  3687 | D:8      | Noticed a hippogriff
  3755 | D:8      | Found Zaoxky's Food Shop.
  3824 | D:8      | Reached ** piety under Okawaru
  3824 | D:8      | Reached skill level 1 in Shields
  4016 | D:8      | Noticed Prince Ribbit
  4035 | D:8      | Killed Prince Ribbit
  4035 | D:8      | Reached skill level 3 in Polearms
  4072 | D:8      | Noticed a wyvern
  4096 | D:8      | Noticed a wyvern
  4102 | D:8      | Killed a wyvern
  4113 | D:8      | Found a flagged portal.
  4140 | D:8      | Reached XP level 9. HP: 44/66 MP: 12/12
  4151 | Bailey   | Entered a bailey
  4858 | Bailey   | Reached skill level 4 in Polearms
  5470 | Bailey   | Reached skill level 5 in Polearms
  5540 | Bailey   | Reached skill level 1 in Throwing
  5799 | D:8      | Got a crude marble ring
  5800 | D:8      | Identified the ring of Luciz {rF+ MP+9 Str+6 Int+2} (You
                  | found it on level 8 of the Dungeon)
  5917 | D:8      | Reached *** piety under Okawaru
  5940 | D:8      | Reached skill level 5 in Stealth
  6131 | D:8      | Reached skill level 5 in Fighting
  6283 | D:10     | Entered Level 10 of the Dungeon
  6493 | D:8      | Reached skill level 6 in Polearms
  6631 | D:9      | Found a staircase to the Lair.
  6640 | D:9      | Reached XP level 10. HP: 64/74 MP: 14/14
  6647 | D:9      | Reached skill level 7 in Polearms
  6675 | D:9      | Reached **** piety under Okawaru
  6693 | Lair:1   | Entered Level 1 of the Lair of Beasts
  6842 | Lair:1   | Noticed a seven-headed hydra
  6883 | Lair:2   | Noticed a spiny frog
  6916 | Lair:2   | Reached skill level 5 in Dodging
  6928 | Lair:2   | HP: 1/74 [yak (12)]
  6939 | Lair:1   | Slain by a seven-headed hydra

Illustrated notes

Levels and vault maps discovered:
D:1:      kennysheep_arrival_forest, layout_basic, minmay_tromino_v4_a
D:2:      layout_rooms, overflow_temple_1_default
D:3:      layout_basic, nicolae_overflow_crystal_walls,
          hangedman_decor_clover_reticule, uniq_crazy_yiuf_cottage
D:4:      layout_rooms, gammafunk_temple_of_torment, old_standard_altar,
          first_ration, minmay_misc_feat_five
D:5:      layout_rooms, nicolae_overflow_hidden_temple,
          minmay_temple_entry_ruins, basic_altar
D:6:      layout_cave_pods, kennysheep_little_box, fedhas_bush_and_centaur_altar
D:7:      layout_basic, minmay_fractal_squares_diagonal_5
D:8:      layout_gridville, enter_bailey_2, serial_shops, shop_fountains,
          uniq_prince_ribbit1
D:9:      layout_cave_pools, erik_lair_island, hangedman_little_slice_of_home,
          kennysheep_generic_room_11, uniq_maggie
D:10:     layout_cave_pools, orc_david_3, gammafunk_ghost_wrathful_warriors,
          serial_bayou_pond_d
Temple:   eino_wide_crystal_templ
Lair:1:   layout_loops_ring, special_room [special_room_bee], minivault_23,
          minmay_lair_oklob_chamber, uniq_sonja
Lair:2:   layout_long_grid, shoals_dummy_entry, minivault_27, roderic_batcave

Skill      XL: |  1  2  3  4  5  6  7  8  9 10 |
---------------+-------------------------------+-----
Dodging        | 1 2 3 4 5 |  5.0
Maces & Flails | 1 2 3 |  3.0
Crossbows      | 3 |  3.5
Fighting       | 3 4 5 |  5.3
Evocations     | 2 3 4 |  4.1
Stealth        | 3 4 5 |  5.4
Armour         | 1 2 3 |  3.9
Spellcasting   | 1 2 3 |  3.0
Short Blades   | 1 2 3 |  3.2
Polearms       | 1 3 6 7 |  7.6
Invocations    | 1 2 3 |  3.3
Shields        | 1 3 |  3.0
Throwing       | 1 |  1.1
Unarmed Combat | |  2.3

Action                   |  1- 3 |  4- 6 |  7- 9 | 10-12 || total
-------------------------+-------+-------+-------+-------++-------
Melee: Flail             |    60 |   154 |     5 |       ||   219
       Punch             |     1 |     2 |     4 |       ||     7
       Spear             |       |       |   473 |       ||   473
       Rapier            |       |       |    55 |     1 ||    56
       Glaive            |       |       |   110 |    28 ||   138
       Tailslap          |       |       |       |     1 ||     1
 Fire: Hand crossbow     |    18 |     8 |       |       ||    26
Throw: Stone             |       |       |    20 |       ||    20
Invok: Heroism           |       |       |     2 |     2 ||     4
Evoke: Wand              |       |     2 |    17 |     1 ||    20
  Use: Scroll            |     5 |     1 |     9 |     1 ||    16
       Potion            |       |       |     1 |     1 ||     2
 Stab: Sleeping          |     1 |     3 |     2 |     1 ||     7
       Distracted        |       |       |     3 |       ||     3
  Eat: Chunk             |       |     6 |    10 |       ||    16
       Ration            |       |       |     1 |       ||     1
Armor: Robe              |     5 |       |       |       ||     5
       Ring mail         |    40 |    81 |   122 |    11 ||   254
Dodge: Dodged            |    35 |    95 |   366 |    44 ||   540
